TOP OF THE 1ST |
Colorado Avalanche batting - Pitching for Joplin Blasters : RHP Oscar Cisneros
|
Pitching: RHP Oscar Cisneros
|
|
Batting: RHB Eric Delgado
|
0-0: Foul Ball, location: 2F 0-1: Ball 1-1: Ball 2-1: Ball 3-1: Called Strike 3-2: Fly out, F7 (Flyball, 7, EV 96.9 MPH)
|
Batting: LHB Nick Rooney
|
0-0: Ball 1-0: Ball 2-0: Ball 3-0: Called Strike 3-1: Base on Balls
|
Batting: SHB Chris Besselman
|
0-0: Ball Nick Rooney steals 2nd base 1-0: Called Strike 1-1: Called Strike 1-2: Ball 2-2: Fly out, F9 (Flyball, 9LS, EV 86.2 MPH)
|
Batting: LHB Paul McClintock
|
0-0: Fly out, F8 (Flyball, 8RM, EV 81.9 MPH)
|
Top of the 1st over - 0 runs, 0 hits, 0 errors, 1 left on base; Colorado 0 - Joplin 0 |
BOTTOM OF THE 1ST |
Joplin Blasters batting - Pitching for Colorado Avalanche : LHP Randy Rowland
|
Pitching: LHP Randy Rowland
|
|
Batting: RHB Kazuki Arai
|
0-0: Ball 1-0: Foul Ball, location: 2F 1-1: Called Strike 1-2: Foul Ball, location: 2F 1-2: Ball 2-2: Strikes out swinging
|
Batting: RHB Mike Bearden
|
0-0: Ball 1-0: Ball 2-0: Swinging Strike 2-1: Foul Ball, location: 2F 2-2: Strikes out swinging
|
Batting: RHB Mike Valdez
|
0-0: Called Strike 0-1: Ball 1-1: Called Strike 1-2: Ball 2-2: Strikes out looking
|
Bottom of the 1st over - 0 runs, 0 hits, 0 errors, 0 left on base; Colorado 0 - Joplin 0 |
TOP OF THE 2ND |
Colorado Avalanche batting - Pitching for Joplin Blasters : RHP Oscar Cisneros
|
Batting: RHB Matviy Oliynyk
|
0-0: Ball 1-0: SINGLE (Groundball, 56D, EV 100.6 MPH)
|
Batting: RHB Zakhar Edelman
|
0-0: Ball 1-0: Ball 2-0: Fly out, F8 (Flyball, 8RM, EV 96.9 MPH)
|
Batting: RHB Seisaburo Edagawa
|
0-0: Fly out, F5 (Line Drive, 5L, EV 68.1 MPH)
|
Batting: LHB Mick Tucker
|
0-0: Called Strike 0-1: Ball 1-1: Foul Ball, location: 2F 1-2: Foul Ball, location: 2F 1-2: Ball 2-2: Foul Ball, location: 2F 2-2: Strikes out swinging
|
Top of the 2nd over - 0 runs, 1 hit, 0 errors, 1 left on base; Colorado 0 - Joplin 0 |
BOTTOM OF THE 2ND |
Joplin Blasters batting - Pitching for Colorado Avalanche : LHP Randy Rowland
|
Batting: LHB Jim Haggart
|
0-0: Called Strike 0-1: Ball 1-1: Foul Ball, location: 2F 1-2: Ball 2-2: Ground out 6-3 (Groundball, 6M, EV 106.2 MPH)
|
Batting: RHB Paul Gibbens
|
0-0: Called Strike 0-1: Swinging Strike 0-2: Ball 1-2: Strikes out swinging
|
Batting: RHB Jerry Yusko
|
0-0: Ball 1-0: Called Strike 1-1: Ball 2-1: Swinging Strike 2-2: Ground out 4-3 (Groundball, 4, EV 83.1 MPH)
|
Bottom of the 2nd over - 0 runs, 0 hits, 0 errors, 0 left on base; Colorado 0 - Joplin 0 |
TOP OF THE 3RD |
Colorado Avalanche batting - Pitching for Joplin Blasters : RHP Oscar Cisneros
|
Batting: SHB Craig Ruzic
|
0-0: Called Strike 0-1: Foul Ball, location: 2F 0-2: Ball 1-2: Fly out, F8 (Flyball, 78M, EV 89.4 MPH)
|
Batting: RHB Eric Delgado
|
0-0: Called Strike 0-1: Foul Ball, location: 2F 0-2: Strikes out looking
|
Batting: LHB Nick Rooney
|
0-0: Ball 1-0: Ball 2-0: SOLO HOME RUN (Flyball, 7D, EV 96.9 MPH), Distance : 375 ft
|
Batting: SHB Chris Besselman
|
0-0: Ground out 6-3 (Groundball, P, EV 78.8 MPH)
|
Top of the 3rd over - 1 run, 1 hit, 0 errors, 0 left on base; Colorado 1 - Joplin 0 |
BOTTOM OF THE 3RD |
Joplin Blasters batting - Pitching for Colorado Avalanche : LHP Randy Rowland
|
Batting: RHB Ben Mills
|
0-0: Foul Ball, location: 2F 0-1: Ball 1-1: Swinging Strike 1-2: Ball 2-2: Ball 3-2: Strikes out swinging
|
Batting: RHB Bobby Leon
|
0-0: Ball 1-0: Ball 2-0: Foul Ball, location: 2F 2-1: Called Strike 2-2: Foul Ball, location: 2F 2-2: Fly out, F7 (Flyball, 7, EV 91.9 MPH)
|
Batting: RHB Carlos Castillo
|
0-0: Fly out, F8 (Flyball, 8RD, EV 102.5 MPH)
|
Bottom of the 3rd over - 0 runs, 0 hits, 0 errors, 0 left on base; Colorado 1 - Joplin 0 |
TOP OF THE 4TH |
Colorado Avalanche batting - Pitching for Joplin Blasters : RHP Oscar Cisneros
|
Batting: LHB Paul McClintock
|
0-0: Ball 1-0: Swinging Strike 1-1: Ball 2-1: Ball 3-1: Base on Balls
|
Batting: RHB Matviy Oliynyk
|
0-0: Foul Ball, location: 2F 0-1: Foul Ball, location: 2F 0-2: Ball 1-2: Ball 2-2: Ball 3-2: Base on Balls Paul McClintock to second
|
Batting: RHB Zakhar Edelman
|
0-0: Ball 1-0: Called Strike 1-1: Ball 2-1: Called Strike 2-2: Foul Ball, location: 2F 2-2: Foul Ball, location: 2F 2-2: Ball 3-2: 3-RUN HOME RUN (Flyball, 78XD, EV 101.9 MPH), Distance : 407 ft
|
Batting: RHB Seisaburo Edagawa
|
0-0: Ball 1-0: Ground out 4-3 (Groundball, 4M, EV 106.2 MPH)
|
Batting: LHB Mick Tucker
|
0-0: Called Strike 0-1: Ball 1-1: Called Strike 1-2: SOLO HOME RUN (Flyball, 89XD, EV 113.8 MPH), Distance : 424 ft
|
Batting: SHB Craig Ruzic
|
0-0: Ball 1-0: Ground out 5-3 (Groundball, 15, EV 76.9 MPH)
|
Batting: RHB Eric Delgado
|
0-0: Called Strike 0-1: Foul Ball, location: 2F 0-2: Strikes out swinging
|
Top of the 4th over - 4 runs, 2 hits, 0 errors, 0 left on base; Colorado 5 - Joplin 0 |
BOTTOM OF THE 4TH |
Joplin Blasters batting - Pitching for Colorado Avalanche : LHP Randy Rowland
|
Batting: RHB Kazuki Arai
|
0-0: Swinging Strike 0-1: Ball 1-1: Ball 2-1: Foul Ball, location: 2F 2-2: Ball 3-2: Strikes out looking
|
Batting: RHB Mike Bearden
|
0-0: Called Strike 0-1: Ball 1-1: Ground out 3-1 (Groundball, 34S, EV 95.0 MPH)
|
Batting: RHB Mike Valdez
|
0-0: Called Strike 0-1: Ball 1-1: Ball 2-1: Foul Ball, location: 2F 2-2: Foul Ball, location: 2F 2-2: Ball 3-2: Strikes out looking
|
Bottom of the 4th over - 0 runs, 0 hits, 0 errors, 0 left on base; Colorado 5 - Joplin 0 |
TOP OF THE 5TH |
Colorado Avalanche batting - Pitching for Joplin Blasters : RHP Oscar Cisneros
|
Batting: LHB Nick Rooney
|
0-0: Ball 1-0: Ball 2-0: Ball 3-0: Called Strike 3-1: SOLO HOME RUN (Flyball, 78XD, EV 96.9 MPH), Distance : 403 ft
|
Pitching: RHP Brian Hunt
|
|
Batting: SHB Chris Besselman
|
0-0: Foul Ball, location: 2F 0-1: SINGLE (Line Drive, 89S, EV 90.6 MPH)
|
Batting: LHB Paul McClintock
|
0-0: Ball 1-0: Foul Ball, location: 2F 1-1: Foul Ball, location: 2F 1-2: Ball Wild Pitch! Chris Besselman to second 2-2: Foul Ball, location: 2F 2-2: Strikes out swinging
|
Batting: RHB Matviy Oliynyk
|
0-0: Fly out, F8 (Flyball, 8LM, EV 81.9 MPH)
|
Batting: RHB Zakhar Edelman
|
0-0: Ball 1-0: Swinging Strike 1-1: Ball 2-1: Ball 3-1: Called Strike 3-2: Base on Balls
|
Batting: RHB Seisaburo Edagawa
|
0-0: Swinging Strike 0-1: SINGLE (Line Drive, 8LS, EV 94.4 MPH) Chris Besselman to third Zakhar Edelman to second Runner from 3rd tries for Home, SAFE, throw by LF to trailing runner, OUT at third! 7-3-5
|
Top of the 5th over - 2 runs, 3 hits, 0 errors, 1 left on base; Colorado 7 - Joplin 0 |
BOTTOM OF THE 5TH |
Joplin Blasters batting - Pitching for Colorado Avalanche : LHP Randy Rowland
|
Batting: LHB Jim Haggart
|
0-0: Ball 1-0: Ball 2-0: Called Strike 2-1: Swinging Strike 2-2: Foul Ball, location: 2F 2-2: Ground out U3 (Groundball, 3L, EV 110.0 MPH)
|
Batting: RHB Paul Gibbens
|
0-0: Called Strike 0-1: Fly out, F9 (Line Drive, 89M, EV 110.0 MPH)
|
Batting: RHB Jerry Yusko
|
0-0: Ball 1-0: SINGLE (Groundball, 4MS, EV 71.9 MPH) (infield hit)
|
Batting: RHB Ben Mills
|
0-0: Ball 1-0: Swinging Strike 1-1: Foul Ball, location: 2F 1-2: Strikes out swinging
|
Bottom of the 5th over - 0 runs, 1 hit, 0 errors, 1 left on base; Colorado 7 - Joplin 0 |
TOP OF THE 6TH |
Colorado Avalanche batting - Pitching for Joplin Blasters : RHP Brian Hunt
|
Batting: LHB Mick Tucker
|
0-0: SOLO HOME RUN (Flyball, 89XD, EV 106.2 MPH), Distance : 427 ft
|
Pitching: LHP Tristan Irwin
|
|
Batting: SHB Craig Ruzic
|
0-0: Ball 1-0: Ball 2-0: Ball 3-0: Called Strike 3-1: Called Strike 3-2: Strikes out swinging
|
Batting: RHB Eric Delgado
|
0-0: Called Strike 0-1: Ball 1-1: Swinging Strike 1-2: Strikes out looking
|
Batting: LHB Nick Rooney
|
0-0: Swinging Strike 0-1: Foul Ball, location: 2F 0-2: Ground out 4-3 (Groundball, 4MS, EV 89.4 MPH)
|
Top of the 6th over - 1 run, 1 hit, 0 errors, 0 left on base; Colorado 8 - Joplin 0 |
BOTTOM OF THE 6TH |
Joplin Blasters batting - Pitching for Colorado Avalanche : LHP Randy Rowland
|
Batting: RHB Bobby Leon
|
0-0: Called Strike 0-1: SINGLE (Line Drive, 89S, EV 98.1 MPH)
|
Batting: RHB Carlos Castillo
|
0-0: Swinging Strike 0-1: Foul Ball, location: 2F 0-2: Strikes out swinging
|
Batting: RHB Kazuki Arai
|
0-0: Called Strike 0-1: Foul Ball, location: 2F 0-2: Ball 1-2: Ball 2-2: Strikes out swinging
|
Batting: RHB Mike Bearden
|
0-0: Ball 1-0: Ball 2-0: Swinging Strike 2-1: Ball 3-1: Fly out, F8 (Flyball, 89D, EV 105.0 MPH)
|
Bottom of the 6th over - 0 runs, 1 hit, 0 errors, 1 left on base; Colorado 8 - Joplin 0 |
TOP OF THE 7TH |
Colorado Avalanche batting - Pitching for Joplin Blasters : LHP Tristan Irwin
|
Batting: SHB Chris Besselman
|
0-0: Ball 1-0: Foul Ball, location: 2F 1-1: Foul Ball, location: 2F 1-2: Ball 2-2: SINGLE (Flyball, 6MD, EV 90.6 MPH)
|
Pitching: RHP Joey Ferguson
|
|
Pinch Hitting: RHB Josh Lofgreen
|
0-0: Ball 1-0: Swinging Strike 1-1: Swinging Strike 1-2: Fly out, F8 (Flyball, 89S, EV 85.0 MPH)
|
Pinch Hitting: RHB Ryan Ward
|
0-0: Called Strike 0-1: Ball Passed Ball! Chris Besselman to second 1-1: SINGLE (Groundball, 56, EV 101.2 MPH) (infield hit) Chris Besselman to third
|
Pinch Hitting: RHB Jack Stadner
|
0-0: Fielders Choice at 2nd, 4-6 (Groundball, 34, EV 106.2 MPH) Chris Besselman scores
|
Batting: RHB Seisaburo Edagawa
|
0-0: SINGLE (Line Drive, 4M, EV 101.9 MPH) Jack Stadner to second
|
Batting: LHB Mick Tucker
|
0-0: Swinging Strike 0-1: Foul Ball, location: 2F 0-2: Ball 1-2: Ball 2-2: Strikes out swinging
|
Top of the 7th over - 1 run, 3 hits, 0 errors, 2 left on base; Colorado 9 - Joplin 0 |
BOTTOM OF THE 7TH |
Joplin Blasters batting - Pitching for Colorado Avalanche : LHP Randy Rowland
|
Now at 2B: Josh Lofgreen
|
|
Now at 3B: Ryan Ward
|
|
Now in LF: Jack Stadner
|
|
Batting: RHB Mike Valdez
|
0-0: SINGLE (Line Drive, 5D, EV 96.2 MPH)
|
Batting: LHB Jim Haggart
|
0-0: Called Strike 0-1: Ball 1-1: Swinging Strike 1-2: Ball 2-2: Strikes out looking
|
Batting: RHB Paul Gibbens
|
0-0: Grounds into double play, 4-6-3 (Groundball, 4, EV 87.5 MPH)
|
Bottom of the 7th over - 0 runs, 1 hit, 0 errors, 0 left on base; Colorado 9 - Joplin 0 |
TOP OF THE 8TH |
Colorado Avalanche batting - Pitching for Joplin Blasters : RHP Joey Ferguson
|
Batting: SHB Craig Ruzic
|
0-0: Ball 1-0: Foul Ball, location: 2F 1-1: Swinging Strike 1-2: Ball 2-2: Foul Ball, location: 2F 2-2: Foul Ball, location: 2F 2-2: DOUBLE (Line Drive, 5D, EV 101.2 MPH)
|
Pitching: LHP Bin Ya
|
|
Pinch Hitting: LHB Jerry Santana
|
0-0: SINGLE (Groundball, 4S, EV 74.4 MPH) (infield hit) Craig Ruzic to third
|
Pinch Hitting: SHB Rich McDonald
|
0-0: Ball 1-0: Ball 2-0: Foul Ball, location: 2F 2-1: Swinging Strike 2-2: Foul Ball, location: 2F 2-2: 3-RUN HOME RUN (Flyball, 78XD, EV 102.5 MPH), Distance : 403 ft
|
Batting: SHB Chris Besselman
|
0-0: Foul Ball, location: 2F 0-1: Ball 1-1: Ball 2-1: Foul Ball, location: 2F 2-2: Foul Ball, location: 2F 2-2: Foul Ball, location: 2F 2-2: Ball 3-2: Foul Ball, location: 2F 3-2: SINGLE (Flyball, 4D, EV 88.1 MPH)
|
Pinch Hitting: RHB Dan Hoffman
|
0-0: Ball 1-0: Called Strike 1-1: Called Strike 1-2: Ball Passed Ball! Chris Besselman to second 2-2: Foul Ball, location: 2F 2-2: Fly out, F8 (Flyball, 78M, EV 83.8 MPH)
|
Pitching: RHP Victor Maravilla
|
|
Pinch Hitting: RHB Justin Garrett
|
0-0: Ball Passed Ball! Chris Besselman to third 1-0: Fly out, F7 (Flyball, 7, EV 76.9 MPH) Runner from 3rd tags up, SCORES, throw by LF
|
Pinch Hitting: LHB Nick Martin
|
0-0: Ball 1-0: Swinging Strike 1-1: Foul Ball, location: 2F 1-2: Hit by Pitch
|
Pinch Hitting: RHB Xavier Williams
|
0-0: Ball 1-0: Called Strike 1-1: Foul Ball, location: 2F 1-2: Foul Ball, location: 2F 1-2: Ball Wild Pitch! Nick Martin to second 2-2: Strikes out swinging
|
Top of the 8th over - 4 runs, 4 hits, 0 errors, 1 left on base; Colorado 13 - Joplin 0 |
TOP OF THE 9TH |
Colorado Avalanche batting - Pitching for Joplin Blasters : RHP Victor Maravilla
|
Batting: LHB Mick Tucker
|
0-0: Foul Ball, location: 2F 0-1: Ball 1-1: Ball 2-1: Foul Ball, location: 2F 2-2: Strikes out swinging
|
Batting: SHB Craig Ruzic
|
0-0: Called Strike 0-1: Ball 1-1: Ball 2-1: Ball 3-1: SINGLE (Line Drive, 78M, EV 84.4 MPH)
|
Batting: LHB Jerry Santana
|
0-0: Ball 1-0: Ball 2-0: Ball 3-0: Base on Balls Craig Ruzic to second
|
Batting: SHB Rich McDonald
|
0-0: Foul Ball, location: 2F 0-1: Ball 1-1: Called Strike 1-2: Ball Passed Ball! Craig Ruzic to third Jerry Santana to second 2-2: Ball 3-2: Foul Ball, location: 2F 3-2: SINGLE (Line Drive, 4MD, EV 93.8 MPH) Craig Ruzic scores Jerry Santana to third
|
Pinch Hitting: RHB Bryce Hickman
|
0-0: Foul Ball, location: 2F 0-1: Fielders Choice at 2nd, 6-4 (Groundball, 6, EV 76.2 MPH) Jerry Santana scores
|
Batting: LHB Zane Kelton
|
0-0: Swinging Strike 0-1: Ball 1-1: Ball 2-1: DOUBLE (Line Drive, 8RXD, EV 104.4 MPH) Bryce Hickman to third
|
Batting: LHB Georges Lambert
|
0-0: Ball 1-0: Foul Ball, location: 2F 1-1: Foul Ball, location: 2F 1-2: Ball 2-2: Ball 3-2: Foul Ball, location: 2F 3-2: 3-RUN HOME RUN (Flyball, 9LD, EV 97.5 MPH), Distance : 363 ft
|
Batting: LHB Nick Martin
|
0-0: Foul Ball, location: 2F 0-1: Swinging Strike 0-2: Ball 1-2: Strikes out swinging
|
Top of the 9th over - 5 runs, 4 hits, 0 errors, 0 left on base; Colorado 18 - Joplin 0 |
BOTTOM OF THE 9TH |
Joplin Blasters batting - Pitching for Colorado Avalanche : LHP Randy Rowland
|
Now at C: Bryce Hickman
|
|
Batting: RHB Carlos Castillo
|
0-0: Fly out, F8 (Flyball, 8RD, EV 88.8 MPH)
|
Pitching: RHP Michael Conrad
|
|
Batting: RHB Kazuki Arai
|
0-0: Called Strike 0-1: Called Strike 0-2: Foul Ball, location: 2F 0-2: Ball 1-2: Foul Ball, location: 2F 1-2: Strikes out swinging
|
Batting: RHB Mike Bearden
|
0-0: Called Strike 0-1: Swinging Strike 0-2: Ball 1-2: Strikes out swinging
|
Bottom of the 9th over - 0 runs, 0 hits, 0 errors, 0 left on base; Colorado 18 - Joplin 0 |
|